 Dungeon Crawl Stone Soup version 0.31.0-11-ge490571c62 (webtiles) character file.

Game seed: 17040184263911506072

279 Rassilon the Insei (level 6, 0/49 HPs)
             Began as a Demonspawn Monk on Jan 31, 2024.
             Killed from afar by a dart slug (2 damage)
             ... with a slug dart
             ... in a sewer.
             The game lasted 00:12:08 (1887 turns).

Rassilon the Insei (Demonspawn Monk)                Turns: 1887, Time: 00:12:09

Health: 0/49       AC:  3    Str:  9 (11) XL:     6   Next: 5%
Magic:  6/6        EV: 13    Int: 10 (11) God:
Gold:   78         SH:  0    Dex: 16 (17) Spells: 5/5 levels left

rFire   . .          .
                       - Unarmed
rCold   . . .        c - orb {light}
rNeg    . . .        a - +0 robe
rPois   .            (helmet restricted)
rElec   .            (no cloak)
rCorr   .            (no gloves)
SInv    .            (no boots)
Will    .....        (no amulet)
Stlth   +            (no ring)
HPRegen 0.28/turn    (no ring)
MPRegen 0.10/turn

%: no passive effects
@: about to teleport, glowing, very slow
A: horns 2, rugged brown scales 1, foul stench 1
a: no special abilities


You were in a sewer.
You visited 1 branch of the dungeon, and saw 4 of its levels.
You also visited: Sewer.

You collected 102 gold pieces.
You spent 24 gold pieces at shops.

Inventory:

Armour
 a - a +0 robe (worn)
 c - an orb of light (worn)
Potions
 e - a potion of brilliance


   Skills:
 + Level 4.2 Fighting
 + Level 3.8 Dodging
 * Level 4.7 Unarmed Combat


You had 5 spell levels left.
You didn't know any spells.
Your spell library contained the following spells:

 Spells                   Type           Power      Damage    Failure   Level
 Ensorcelled Hibernation  Hex/Ice        0%         N/A       50%         2
 Fugue of the Fallen      Necr           0%         N/A       75%         3
 Passwall                 Erth           0%         N/A       75%         3
 Swiftness                Air            0%         N/A       75%         3
 Anguish                  Hex/Necr       0%         N/A       98%         4


Dungeon Overview and Level Annotations

Branches:
Dungeon (5/15)              Sewer (1/1)
 Temple: D:4-7

Altars:

Shops:
D:2 ?


Innate Abilities, Weirdness & Mutations

You have a pair of horns on your head.
You are partially covered in rugged brown scales. (AC +1, +3% HP)
You may rarely emit foul miasma when damaged in melee.


Message History

Moving in this stuff is going to be slow.
The dart slug launches a dart at you. The slug dart misses you.
An adder comes into view.
The adder hisses angrily.
The adder bites you.
* * * LOW HITPOINT WARNING * * *
You barely miss the adder. You headbutt the adder!
The adder is severely wounded.
The adder bites you.
* * * LOW HITPOINT WARNING * * *
You are poisoned.
The adder poisons you!
Okay, then.
You hit the adder.
You kill the adder!
You feel sick.
You enter the shallow water.
Moving in this stuff is going to be slow.
You feel sick.
You feel sick. The dart slug launches a dart at you.
The slug dart hits you but does no damage.
You feel sick. The dart slug launches a dart at you. The slug dart hits you.
* * * LOW HITPOINT WARNING * * *
A frilled lizard comes into view.
* * * LOW HITPOINT WARNING * * *
You feel sick.
You are no longer poisoned.
As you read the scroll of teleportation, it crumbles to dust.
You feel strangely unstable. The dart slug launches a dart at you.
The slug dart misses you.
You hit the frilled lizard.
You kill the frilled lizard!
The dart slug launches a dart at you. The slug dart hits you.
You die...

≈≈≈≈~~≈≈≈≈≈~.~≈~.#
≈≈≈≈≈≈≈≈≈≈≈~.~≈~~#
≈≈≈~BBw≈≈≈≈~~w≈~~#
~~.~~~≈≈≈~~~≈~.#
≈≈≈~~≈~~#
~≈~~~≈~~#
≈~≈≈~≈~~#
≈≈≈≈≈≈~~#
≈≈#≈≈≈~@#
≈##≈≈≈~.# #≈≈≈~.#
#~≈≈~.# #.~≈~.#
#~≈≈~.# #~~≈~.#
#~~~~.#


You could see a dart slug.

Vanquished Creatures
  A bombardier beetle (D:3)
  3 iguanas (D:5)
  7 adders
  4 gnolls (D:3)
  4 dart slugs
  2 ribbon worms (D:2)
  5 giant cockroaches
  5 hobgoblins
  2 jackals (D:1)
  2 quokkas
  9 ball pythons
  5 bats
  11 frilled lizards
  4 goblins
  A rat (D:2)
65 creatures vanquished.

Vanquished Creatures (others)
  A frilled lizard (Sewer)
1 creature vanquished.

Grand Total: 66 creatures vanquished

Notes
Turn   | Place    | Note
-------+----------+-------------------------------------------
     0 | D:1      | Rassilon the Demonspawn Monk began the quest for the Orb.
     0 | D:1      | Reached XP level 1. HP: 18/18 MP: 1/1
   233 | D:1      | Gained mutation: You have a pair of small horns on your
                  | head. [demonic ancestry]
   233 | D:1      | Reached XP level 2. HP: 20/24 MP: 2/2
   731 | D:2      | Gained mutation: You are partially covered in rugged brown
                  | scales. (AC +1, +3% HP) [demonic ancestry]
   731 | D:2      | Reached XP level 3. HP: 24/29 MP: 3/3
   893 | D:2      | Found Latoq's Magic Scroll Emporium.
   901 | D:2      | Bought a scroll of identify for 24 gold pieces
  1228 | D:3      | Gained mutation: You may rarely emit foul miasma when
                  | damaged in melee. [demonic ancestry]
  1228 | D:3      | Reached XP level 4. HP: 28/37 MP: 4/4
  1234 | D:3      | HP: 1/37 [burnt (5)]
  1406 | D:3      | Reached XP level 5. HP: 43/43 MP: 5/5
  1423 | D:3      | You fall into a shaft and drop 2 floors!
  1423 | D:5      | Entered Level 5 of the Dungeon
  1649 | D:5      | Noticed an ice beast
  1664 | D:5      | Found a glowing drain.
  1674 | Sewer    | Entered a sewer
  1863 | Sewer    | Gained mutation: You have a pair of horns on your head.
                  | [demonic ancestry]
  1863 | Sewer    | Reached XP level 6. HP: 22/49 MP: 6/6
  1883 | Sewer    | HP: 2/49 [dart slug/slug dart (3)]
  1887 | Sewer    | Killed from afar by a dart slug

Illustrated notes

Levels and vault maps discovered:
D:1:      beargit_arrival_diablo_church, layout_rooms, serial_bayou_lagoon_b
D:2:      layout_basic, serial_shops, nicolae_shop_tiny_waterfront
D:3:      layout_loops_ring, mainiacjoe_overflow_alcove_4,
          chequers_serial_rivers_large_a
D:5:      layout_basic, general_overflow_altar, vehumet_altar_wand_db,
          cheibrodos_sewer_entry_sluice, hex_large,
          minmay_misc_feat_secret_circle, uniq_blork_the_orc
Sewer:    sewer_frog_island_01

Skill      XL: |  1  2  3  4  5 |
---------------+----------------+-----
Unarmed Combat | 3 4 |  4.7
Dodging        | 3 |  3.8
Fighting       | 4 |  4.2

Action                     |  1- 3 |  4- 6 || total
---------------------------+-------+-------++-------
  Melee: Unarmed           |   121 |    94 ||   215
         Headbutt          |    24 |    20 ||    44
    Use: Scroll            |     7 |     1 ||     8
         Potion            |     1 |     3 ||     4
 Armour: Robe              |    43 |    89 ||   132
  Dodge: Dodged            |    80 |   116 ||   196
